 Dungeon Crawl Stone Soup version 0.26.0-45-g9c1d065592 (webtiles) character file.

Game seed: 4985072779221801119

69 kaeus the Sneak (level 4, -2/29 HPs)
             Began as an Octopode Enchanter on Jan 29, 2021.
             Slain by Sigmund
             ... wielding a +0 scythe
              (11 damage)
             ... on level 2 of the Dungeon.
             The game lasted 00:01:14 (1965 turns).

kaeus the Sneak (Octopode Enchanter)                Turns: 1965, Time: 00:01:14

Health: -2/29      AC:  1    Str:  7    XL:     4   Next: 20%
Magic:  7/7        EV: 13    Int: 17    God:
Gold:   43         SH:  0    Dex: 13    Spells: 6/7 levels left

rFire    . . .     SeeInvis .   g - -2 short sword (curse)
rCold    . . .     Faith    .   (no shield)
rNeg     + . .     Spirit   .   (helmet restricted)
rPois    .         Reflect  .   (no amulet)
rElec    .         Harm     .   f - ring of positive energy
rCorr    .         Rampage  .   (no ring)
Will     .....                  (no ring)
Stlth    ++++......             (no ring)
HPRegen  0.09/turn              (no ring)
MPRegen  0.10/turn              (no ring)
                                (no ring)
                                (no ring)

@: no status effects
A: almost no armour, stealthy swim, amphibious, 8 rings, constrict 8, camouflage
1, gelatinous body 1
a: no special abilities


You were on level 2 of the Dungeon.
You visited 1 branch of the dungeon, and saw 2 of its levels.

You collected 43 gold pieces.

Inventory:

Hand Weapons
 a - a +1 dagger
 g - a cursed -2 short sword (weapon)
Jewellery
 f - a ring of positive energy (left tentacle)
Scrolls
 b - 2 scrolls of identify
 e - a scroll of teleportation
Potions
 c - a potion of ambrosia {unknown}
 d - a potion of curing {unknown}
 h - 2 potions of haste {unknown}


   Skills:
 * Level 2.0 Fighting
 + Level 1.5 Short Blades
 + Level 2.3 Dodging
 + Level 4.5 Stealth
 + Level 2.2 Spellcasting
 + Level 3.3 Hexes


You had 6 spell levels left.
You knew the following spells:

 Your Spells              Type           Power        Failure   Level
a - Corona                Hex            14%          4%          1

Your spell library contained the following spells:

 Spells                   Type           Power        Failure   Level
 Ensorcelled Hibernation  Hex/Ice        14%          14%         2
 Confusing Touch          Hex            13%          14%         3
 Tukima's Dance           Hex            13%          14%         3
 Dazzling Flash           Conj/Hex       14%          28%         3


Dungeon Overview and Level Annotations

Branches:
Dungeon (2/15)

Altars:

Annotations:
D:2 Sigmund


Innate Abilities, Weirdness & Mutations

You cannot wear most types of armour.
You are very stealthy in the water. (Stealth+)
You are amphibious.
You can wear up to eight rings at the same time.
You can use your tentacles to constrict eight enemies at once.
Your skin changes colour to match your surroundings (Stealth+).
Your rubbery body absorbs attacks. (AC +1, EV +1)


Message History

Key pressed, stopping explore.
No target in view!
A worm and Sigmund come into view.
Health restored: 29
There are monsters nearby!
There are monsters nearby!
The worm bites you!
Sigmund shouts!
There are monsters nearby!
You take 11 damage, and have 18/29 hp.
MASSIVE DAMAGE!!
You hit the worm. Your grab misses the worm.
The worm is lightly wounded.
Sigmund hits you from afar with a +0 scythe.
There are monsters nearby!
You take 6 damage, and have 12/29 hp.
MASSIVE DAMAGE!!
You hit the worm. You grab the worm. You squeeze the worm, but do no damage.
The worm is moderately wounded.
You constrict the worm. The worm bites you.
Sigmund hits you from afar with a +0 scythe!
You die...

#.....# #.....#
#.....#
########.....#
.............#
########.....##
###............#
#..............#
#.#.#@..........
#..@w..#####.##.
#.#.#..# ..#
#......# .#
##.....# .
#######


You could see Sigmund and a worm.

Vanquished Creatures
  Natasha (D:2)
  An adder (D:2)
  A dart slug (D:1)
  2 giant cockroaches (D:1)
  7 hobgoblins
  2 jackals (D:1)
  3 kobolds (D:1)
  5 bats (D:1)
  2 frilled lizards (D:1)
  4 goblins (D:1)
  3 rats (D:1)
31 creatures vanquished.

Notes
Turn   | Place    | Note
-------+----------+-------------------------------------------
     0 | D:1      | kaeus the Octopode Enchanter began the quest for the Orb.
     0 | D:1      | Reached XP level 1. HP: 11/11 MP: 3/3
   299 | D:1      | Reached XP level 2. HP: 18/18 MP: 5/5
   451 | D:1      | Reached skill level 1 in Fighting
   974 | D:1      | Reached XP level 3. HP: 23/23 MP: 6/6
  1560 | D:2      | Noticed Natasha
  1567 | D:2      | Killed Natasha
  1756 | D:2      | Reached XP level 4. HP: 29/29 MP: 7/7
  1960 | D:2      | Noticed Sigmund
  1965 | D:2      | Slain by Sigmund

Illustrated notes

Levels and vault maps discovered:
D:1:      dpeg_chamrin_arrival_tetris, layout_loops_ring, minmay_bisected
D:2:      layout_basic, serial_glass, glass_columns_a, glass_columns_b,
          minmay_split_cup_small, uniq_natasha, uniq_sigmund

Skill      XL: |  1  2  3  4 |
---------------+-------------+-----
Fighting       | 1 2 |  2.0
Short Blades   | |  1.5
Dodging        | |  2.3
Stealth        | |  4.5
Spellcasting   | |  2.2
Hexes          | |  3.3

Action                   |  1- 3 |  4- 6 || total
-------------------------+-------+-------++-------
Melee: Dagger            |    54 |       ||    54
       Constrict         |    13 |     3 ||    16
       Tentacles         |     8 |     1 ||     9
       Short sword       |    10 |     9 ||    19
  Use: Scroll            |     1 |       ||     1
 Stab: Sleeping          |    10 |       ||    10
Armor: Skin              |     7 |       ||     7
Dodge: Dodged            |    36 |     4 ||    40
